 Dungeon Crawl Stone Soup version 0.27.1-33-g824d729ab1 (webtiles) character file.

Game seed: 17780701483102297879

17 Descartes the Grasshopper (level 2, 0/13 HPs)
             Began as a Felid Warper on Nov 24, 2021.
             Slain by a goblin (5 damage)
             ... on level 1 of the Dungeon.
             The game lasted 00:01:04 (792 turns).

Descartes the Grasshopper (Felid Warper)             Turns: 792, Time: 00:01:05

Health: 0/13       AC:  1    Str:  7    XL:     2   Next: 44%
Magic:  6/6        EV: 18    Int: 14    God:
Gold:   8          SH:  0    Dex: 15    Spells: 5/5 levels left
                                        Lives:  0   Deaths: 0

rFire    . . .     SeeInvis +     - Unarmed
rCold    . . .     Faith    .   (shield unavailable)
rNeg     . . .     Spirit   .   (armour unavailable)
rPois    .         Reflect  .   (helmet unavailable)
rElec    .         Harm     .   (cloak unavailable)
rCorr    .         Rampage  .   (gloves unavailable)
Will     .....                  (boots unavailable)
Stlth    +.........             (no amulet)
HPRegen  0.04/turn              (no ring)
MPRegen  0.10/turn              (no ring)

@: quick
A: very small, claws 1, fangs 3, see invisible, speed 1, shaggy fur 1, stealthy
paws, no weapons or thrown items, no armour, multi-lived
a: no special abilities


You were on level 1 of the Dungeon.
You visited 1 branch of the dungeon, and saw 1 of its levels.

You collected 8 gold pieces.

Inventory:

Missiles
 e - 5 stones
Scrolls
 a - a scroll of blinking
 b - 2 scrolls of identify {unknown}
 d - a scroll of magic mapping {unknown}
Potions
 c - a potion of attraction {unknown}


   Skills:
 - Level 2.0 Fighting
 * Level 4.2 Dodging
 + Level 2.3 Unarmed Combat
 - Level 2.0 Spellcasting
 - Level 4.4 Translocations


You had 5 spell levels left.
You didn't know any spells.
Your spell library contained the following spells:

 Spells                   Type           Power      Damage    Failure   Level
 Blink                    Tloc           N/A        N/A       6%          2
 Gell's Gravitas          Tloc           6%         N/A       12%         3
 Lesser Beckoning         Tloc           6%         N/A       12%         3
 Teleport Other           Tloc           13%        N/A       12%         3
 Manifold Assault         Tloc           13%        N/A       73%         5


Dungeon Overview and Level Annotations

Branches:
Dungeon (1/15)

Altars:


Innate Abilities, Weirdness & Mutations

You have sharp claws.
You have razor-sharp teeth.
You have supernaturally acute eyesight. (SInv)
You cover ground quickly. (Speed+)
You are covered in fur. (AC +1)
Your paws help you pounce on unaware monsters.
You are incapable of wielding weapons or throwing items.
You cannot wear armour.
You gain extra lives every three experience levels.


Message History

A goblin comes into view. It is wielding a +0 club.
A frilled lizard comes into view.
The goblin shouts!
The quokka bites you.
A rat comes into view.
You miss the quokka. The quokka bites you.
You scratch the quokka.
You kill the quokka!
You scratch the frilled lizard.
The frilled lizard is moderately wounded.
The frilled lizard completely misses you.
You scratch the frilled lizard.
You kill the frilled lizard!
You scratch the goblin.
The goblin is heavily wounded.
The goblin misses you.
You scratch the goblin but do no damage.
The goblin is heavily wounded.
The goblin hits you with a +0 club.
You are too injured to fight recklessly!
You are too injured to fight recklessly!
You are too injured to fight recklessly!
You are too injured to fight recklessly!
You are too injured to fight recklessly!
You are too injured to fight recklessly!
You are too injured to fight recklessly!
You are too injured to fight recklessly!
You are too injured to fight recklessly!
You miss the goblin.
The goblin is heavily wounded.
The goblin barely misses you.
You barely miss the goblin.
The goblin is heavily wounded.
The goblin barely misses you.
You miss the goblin.
The goblin is heavily wounded.
You closely miss the goblin.
The goblin is heavily wounded.
The goblin hits you with a +0 club.
You die...

.. .# #. .# # #. .#
#.#.#### (# .# .#.... .#
#.. ....# >#### #.# .r.
....# #.# #g# .##.###.# #
#@# ......#.# #. #.#
..###†#.# #.##.# ..# #...#
#....# #.###.#.# #.#.>#
#>....#.# #.#..######
######### ....###.#
#..........##.......# #####
#.# ###..#######....<....
#.#######..##..............


You could see a goblin and a rat.

Vanquished Creatures
  An endoplasm (D:1)
  3 goblins (D:1)
  2 hobgoblins (D:1)
  A quokka (D:1)
  A ball python (D:1)
  4 bats (D:1)
  2 frilled lizards (D:1)
  A kobold (D:1)
  2 rats (D:1)
17 creatures vanquished.

Notes
Turn   | Place    | Note
-------+----------+-------------------------------------------
     0 | D:1      | Descartes the Felid Warper began the quest for the Orb.
     0 | D:1      | Reached XP level 1. HP: 9/9 MP: 4/4
   330 | D:1      | Reached XP level 2. HP: 13/13 MP: 6/6
   792 | D:1      | Slain by a goblin

Illustrated notes

Levels and vault maps discovered:
D:1:      giann_wishing_wells, layout_loops_ring

Skill      XL: |  1  2 |
---------------+-------+-----
Dodging        | 4 |  4.2
Fighting       | |  2.0
Unarmed Combat | |  2.3
Spellcasting   | |  2.0
Translocations | |  4.4

Action                   || total
-------------------------++-------
Melee: Unarmed           ||    55
       Bite              ||     3
 Stab: Sleeping          ||     2
Armor: Skin              ||     1
Dodge: Dodged            ||    39
